 Dungeon Crawl Stone Soup version 0.22-a0-395-gfed312b (webtiles) character file.

164 Serpenta the Chopper (level 5, -2/41 HPs)
             Began as a Mummy Chaos Knight on May 3, 2018.
             Killed by divine providence
             ... invoked by an orc priest
              (13 damage)
             ... on level 4 of the Dungeon.
             The game lasted 00:04:22 (2529 turns).

Serpenta the Chopper (Mummy Chaos Knight)           Turns: 2529, Time: 00:04:23

Health: -2/41      AC: 10    Str: 17    XL:     5   Next: 21%
Magic:  14/14      EV:  7    Int: 11    God:    Xom [..*...]
Gold:   170        SH:  0    Dex: 11    Spells: 4/4 levels left

rFire    x . .     SeeInvis .   a - +0 hand axe (chaos)
rCold    + . .     Gourm    .   (no shield)
rNeg     + + +     Faith    .   n - +0 chain mail
rPois    ∞         Spirit   .   (no helmet)
rElec    .         Reflect  .   (no cloak)
rCorr    .         Harm     .   d - +0 pair of gloves
MR       .....                  k - +0 pair of boots (curse)
Stlth    ..........             (no amulet)
HPRegen  0.13/turn              i - ring of magical power
MPRegen  0.14/turn              (no ring)

@: no status effects
A: no food or potions, fire vulnerability, cold resistance 1, negative energy
resistance 3, torment resistance, unbreathing
a: Renounce Religion


You were on level 4 of the Dungeon.
You worshipped Xom.
You were a toy of Xom.
You were not hungry.

You visited 1 branch of the dungeon, and saw 4 of its levels.

You collected 170 gold pieces.


Innate Abilities, Weirdness & Mutations

You do not eat or drink.
Your flesh is vulnerable to fire.
You are immune to poison.
Your flesh is cold resistant. (rC+)
You are immune to negative energy. (rN+++)
You are immune to unholy pain and torment.
You can survive without breathing.


   Skills:
 - Level 3.0 Fighting
 + Level 4.9 Axes
 - Level 1.5 Armour
 - Level 0.7 Dodging


You had 4 spell levels left.
You didn't know any spells.

Action                   |  1- 3 |  4- 6 || total
-------------------------+-------+-------++-------
Melee: Hand axe          |    86 |   142 ||   228
  Use: Scroll            |     2 |     3 ||     5
Armor: Leather armour    |    39 |    87 ||   126
       Chain mail        |       |    39 ||    39
Dodge: Dodged            |    57 |    95 ||   152

Inventory:

Hand Weapons
 a - a +0 hand axe of chaos (weapon)
 e - a +0 war axe
Missiles
 l - 8 tomahawks (quivered)
Armour
 b - a +2 leather armour
 d - a +0 pair of gloves (worn)
 k - a cursed +0 pair of boots (worn)
 n - a +0 chain mail (worn)
Jewellery
 i - a ring of magical power (left hand)
Scrolls
 c - a scroll of immolation
 f - a scroll of enchant weapon
 g - 2 scrolls of remove curse
 h - a scroll of identify
 j - a scroll of enchant armour
 m - a scroll of amnesia

##. ........ ....
......# ...
.....+ # ..#
#....###.#
#.####........#
#.#............
#.#.##.........
###...##..##.##..
#....##@§##
..........{§##
..........§§...#
...$..!....#####
...........#
.)........>#
..........##
#...##...## ####


There were no monsters in sight!

Vanquished Creatures
  A worker ant (D:2)
  A worker ant zombie (D:2)
  4 gnolls (D:3)
  2 adders
  A worm (D:3)
  3 dart slugs
  A leopard gecko (D:4)
  2 orcs (D:3)
  A ball python (D:4)
  11 bats
  5 giant cockroaches
  6 hobgoblins
  2 jackals (D:1)
  A quokka (D:2)
  4 frilled lizards
  7 goblins
  5 kobolds
  A quokka skeleton (D:2)
  5 rats
63 creatures vanquished.

Vault maps used:
D:1:      lightli_arrival_quake
D:2:      grunt_temple_overflow_forces_of_nature, marbit_many_paths,
          serial_undead, serial_undead_c, serial_undead_b, serial_undead_f,
          serial_undead_c, minmay_misc_feat_secret_circle
D:3:      first_ration
D:4:      hangedman_ru_absence, kennysheep_little_box,
          makhleb_altar_promises_db, minmay_temple_entry_hall, serial_shops,
          nicolae_shop_stone, kennysheep_mini, kennysheep_mini_moat


Message History

You emit a cloud of colourful smoke!
You hit something. You closely miss the ball python.
The ball python barely misses you. The ball python constricts you.
Something hits you.
You closely miss something. You closely miss the ball python.
The ball python barely misses you. The ball python constricts you.
The ball python bites you. The ball python constricts you.
You hear something mumble some strange prayers to Beogh against you.
Beogh smites you!
Your chain mail prevents you from hitting something.
You hit the ball python.
You kill the ball python!
Something hits you.
* * * LOW HITPOINT WARNING * * *
Something hits you but does no damage.
You closely miss something.
You hear something invoke the aid of Beogh against you.
Beogh smites you!
You die... "I guess I need a new plaything now."

Notes
Turn   | Place    | Note
-------+----------+-------------------------------------------
     0 | D:1      | Serpenta the Mummy Chaos Knight began the quest for the Orb.
     0 | D:1      | Reached XP level 1. HP: 18/18 MP: 1/1
    88 | D:1      | Reached XP level 2. HP: 24/24 MP: 2/2
    93 | D:1      | Reached skill level 3 in Axes
   180 | D:1      | XOM: divination: detect items
   191 | D:1      | XOM: silly message
   639 | D:2      | Reached XP level 3. HP: 25/29 MP: 3/3
   690 | D:1      | XOM: divination: detect creatures
   800 | D:2      | XOM: divination: detect creatures
   835 | D:2      | Reached skill level 4 in Axes
   910 | D:2      | Reached XP level 4. HP: 34/35 MP: 4/4
  1130 | D:2      | Found a blossoming altar of Fedhas.
  1135 | D:2      | Found a stormy altar of Qazlal.
  1374 | D:2      | Found a shimmering altar of Xom.
  1589 | D:3      | XOM: divination: detect items
  1609 | D:3      | XOM: harmless Air miscast
  1805 | D:3      | XOM: cloud trail
  2060 | D:3      | XOM: cast spell 'Call Canine Familiar'
  2074 | D:3      | Reached XP level 5. HP: 19/41 MP: 5/5
  2367 | D:3      | XOM: harmless Hex miscast
  2524 | D:4      | XOM: smoke on damage
  2529 | D:4      | Killed from afar by an orc priest
